Map: Jagannatha LE

Players

ViBE - Winner!

  • Race: Zerg Zerg
  • League: Diamond

ZergRhythm

  • Race: Zerg Zerg

VOD

Have the link to the VOD?

Description

Time

  • Played on: April 11, 2021, 1:31 a.m.
  • Length: 9:59
Show
View Real Time Build Order
Export as new Build Order

ViBE Zerg - Winner!

Build Orders: Hatch First, Roach Hydra 

Get SALT Encoding   

  12  0:00  Drone  
  13  0:13  Overlord  
  13  0:17  Drone  
  14  0:31  Drone  
  14  0:32  Drone  
  16  0:48  Hatchery  
  15  0:53  Drone  
  15  0:56  Drone  
  17  0:59  Drone  
  18  1:13  Spawning Pool  
  18  1:16  Drone  
  18  1:20  Drone  
  19  1:28  Drone  
  20  1:33  Extractor  
  19  1:54  Overlord  
  19  2:01  Queen x2  
  19  2:04  Drone  
  19  2:05  Drone x2  
  26  2:14  Drone x2  
  28  2:23  Overlord  
  28  2:27  Drone  
  29  2:35  Drone  
  29  2:36  Drone  
  31  2:40  Lair  
  31  2:44  Drone x2  
  33  2:56  Drone x2  
  35  3:00  Queen  
  35  3:05  Overlord  
  37  3:10  Drone x4  
  37  3:11  Drone x2  
  43  3:14  Roach Warren  
  43  3:19  Evolution Chamber  
  41  3:23  Extractor x2  
  39  3:30  Drone x4, Evolution Chamber  
  39  3:31  Drone  
  43  3:39  Overlord  
  43  3:40  Overlord  
  43  3:46  Drone  
  43  3:47  Drone x3  
  47  3:54  Zerg Missile Weapons Level 1, Glial Reconstitution  
  47  4:05  Roach  
  47  4:06  Roach x3  
  47  4:08  Overlord  
  55  4:18  Roach x4  
  63  4:25  Evolution Chamber  
  63  4:27  Queen  
  63  4:28  Roach  
  63  4:30  Roach  
  67  4:44  Drone  
  68  4:46  Roach x2  
  68  4:47  Roach x2  
  68  4:48  Overlord  
  68  4:49  Overlord  
  76  5:05  Hatchery  
  75  5:14  Drone x6  
  75  5:20  Drone  
  75  5:21  Drone x5  
  87  5:33  Drone x2  
  89  5:51  Drone x3  
  89  5:53  Zerg Missile Weapons Level 2  
  89  5:54  Zerg Ground Armor Level 1, Overlord x3  
  89  5:55  Hydralisk Den, Overlord x2  
  91  5:57  Overseer  
  91  6:12  Queen  
  91  6:16  Drone  
  91  6:17  Drone x3  
  97  6:19  Drone x2  
  99  6:26  Grooved Spines  
  99  6:29  Drone  
  99  6:30  Drone x6  
  106  6:33  Extractor x2  
  106  6:35  Extractor  
  106  6:39  Hydralisk x2  
  107  6:50  Hatchery  
  107  6:51  Overlord  
  106  6:55  Drone  
  106  6:59  Roach  
  106  7:00  Roach x5  
  119  7:09  Hatchery  
  118  7:16  Roach x10  
  138  7:23  Overlord x2  
  138  7:27  Infestation Pit  
  137  7:36  Roach x4  
  145  7:37  Overlord x3, Muscular Augments  
  145  7:49  Hydralisk x6  
  157  7:56  Drone  
  158  8:03  Hydralisk x5  
  168  8:10  Roach x2  
  172  8:24  Overlord  
  172  8:27  Roach x10  
  180  8:30  Hive  
  192  8:51  Roach x4  
  166  9:10  Roach x8  
  166  9:11  Roach x9  
Show
View Real Time Build Order
Export as new Build Order

ZergRhythm Zerg 

Build Orders: Hatch First 

Get SALT Encoding   

  12  0:01  Drone  
  13  0:12  Overlord  
  13  0:18  Drone  
  14  0:33  Drone x2  
  16  0:49  Hatchery  
  15  0:53  Drone  
  16  1:00  Drone x2  
  18  1:14  Extractor  
  17  1:19  Spawning Pool  
  17  1:20  Drone  
  17  1:25  Drone  
  18  1:32  Drone  
  19  1:42  Drone  
  20  1:50  Overlord  
  20  2:07  Queen x2  
  24  2:09  Zergling x4  
  24  2:13  Drone x2  
  28  2:20  Metabolic Boost  
  28  2:24  Drone x2  
  30  2:39  Hatchery  
  30  2:43  Drone  
  30  2:48  Overlord  
  30  2:54  Baneling Nest  
  30  2:57  Drone  
  30  2:59  Drone  
  30  3:00  Drone  
  32  3:08  Drone x2  
  34  3:13  Drone  
  35  3:23  Zergling x12  
  41  3:33  Overlord  
  41  3:36  Zergling x2  
  42  3:41  Baneling x4  
  42  3:44  Zergling x2  
  43  3:52  Zergling x16  
  51  4:02  Overlord x2  
  51  4:09  Drone x2  
  53  4:10  Evolution Chamber  
  51  4:27  Drone  
  51  4:28  Drone x9  
  58  4:36  Drone x2  
  59  4:40  Roach Warren  
  58  4:48  Lair  
  58  4:51  Drone  
  58  4:52  Drone x3, Queen  
  64  5:02  Overlord x2  
  64  5:06  Zerg Missile Weapons Level 1  
  64  5:07  Extractor  
  64  5:08  Drone x3, Extractor  
  65  5:22  Drone  
  65  5:23  Drone x6  
  72  5:29  Drone x2  
  72  5:32  Overlord  
  74  5:41  Drone x2  
  75  5:48  Glial Reconstitution  
  74  5:51  Overlord x2  
  74  5:52  Drone  
  74  5:53  Drone x5  
  80  5:57  Extractor  
  80  5:58  Extractor  
  80  6:00  Extractor, Drone  
  80  6:01  Drone x2  
  80  6:03  Roach  
  80  6:04  Roach x2  
  86  6:07  Hatchery  
  86  6:11  Overseer  
  85  6:15  Roach x3  
  91  6:24  Drone x3  
  96  6:25  Roach  
  96  6:26  Roach x3  
  96  6:28  Overlord  
  96  6:32  Drone  
  103  6:37  Roach  
  105  6:43  Overlord x2  
  105  6:48  Roach  
  105  6:53  Roach x6  
  105  6:54  Roach  
  121  7:04  Zerg Missile Weapons Level 2  
  119  7:08  Roach  
  119  7:09  Roach x5  
  119  7:14  Overlord x2  
  129  7:18  Roach  
  129  7:21  Roach  
  133  7:34  Evolution Chamber  
  133  7:35  Roach x12  
  156  7:40  Roach  
  156  7:43  Overlord  
  156  7:44  Overlord  
  158  7:47  Overlord  
  158  7:59  Overlord x2  
  158  8:04  Zerg Ground Armor Level 1  
  158  8:05  Roach x2  
  162  8:06  Roach x7  
  162  8:11  Roach  
  176  8:15  Overlord x4  
  176  8:20  Roach  
  176  8:21  Roach  
  182  8:27  Roach x6  
  182  8:31  Overlord x2  
  192  8:36  Queen  
  192  8:38  Overlord x2  
  194  8:45  Roach x3  
  179  8:57  Roach x2  
  179  8:58  Roach x6  
  125  9:12  Roach x8  
  137  9:20  Ravager x6  
  137  9:22  Ravager x3  
  144  9:24  Roach x4  
  152  9:34  Roach x2  
  152  9:35  Roach x4  
Tags
 
Composition
Roach Hydra
League
Diamond
Matchup
ZvZ
Player
ViBE
Race
Zerg
Replay Pack
Diamond_Zerg
Add a new tag
Caveats
  • Supply blocks, unpowered buildings, or Contaminate may cause inaccurate times.
  • Supply counts are checked every 10 seconds.